AoeStats
← tmoneymcgetbunz

Migration

507784688Analyzed
1v1 RM · 14d ago on Sep 19, 2026· 40m 33s· 2 players
Game mode
Random Map
Map size
132×132
Population
200
Speed
Normal
Resources
Standard
Victory
Conquest
Starting age
Dark Age
Ending age
Imperial Age
RankedLock teamsTeams togetherTeam positionsShared explorationLock speedFull tech treeHidden civsTurbo modeCheats
Victory
Defeat
🇺🇸 Dravidians · United States
1075
+14
🇮🇹 Italians · Italy
1032
-14
oVer
8:12 Loom
10:39 Feudal Age
11:49 Double-Bit Axe
12:44 Fishing Lines
21:06 Castle Age
19:05 Gold Mining
19:11 Horse Collar
21:06 Wheelbarrow
22:13 Medium Warships
22:14 Demolition Ship
22:47 Gillnets
23:24 Fletching
23:59 Stone Mining
25:20 Stone Shaft Mining
25:27 Man-at-Arms
26:35 Bow Saw
26:12 Long Swordsman
27:29 Forging
27:20 Scale Mail Armor
27:23 Town Watch
28:33 Bodkin Arrow
28:39 Padded Archer Armor
28:58 Hand Cart
30:13 Iron Casting
32:59 Ballistics
37:07 Imperial Age
34:55 Leather Archer Armor
35:30 Light Cavalry
tmoneymcgetbunz
11:39 Feudal Age
15:07 Castle Age
12:59 Double-Bit Axe
13:41 Gold Mining
14:47 Loom
17:51 Bow Saw
20:24 Wheelbarrow
19:35 Town Watch
23:29 Fletching
24:04 Horse Collar
24:32 Bodkin Arrow
25:25 Ballistics
24:56 Guard Tower
26:54 Husbandry
26:56 Padded Archer Armor
30:05 Thumb Ring
30:16 Leather Archer Armor
31:11 Medium Warships
31:15 Heavy Plow
35:08 Imperial Age
33:04 Elite Skirmisher
35:19 Medical Corps
36:03 Bracer
36:34 Ring Archer Armor
37:07 Chemistry
35:32 Pikeman
36:13 Squires
36:27 Halberdier
38:49 Scale Mail Armor
39:00 Forging
40:13 Chain Mail Armor
39:28 Elite Elephant Archer
41:45 Iron Casting
Connection lost

Rejoining the realm…

Still unreachable

The connection could not be restored.

Session expired

The server has moved on; the page needs a fresh start.